 Dungeon Crawl Stone Soup version 0.18-a0-19-g8b99b3a (webtiles) character file.

153 Raultor the Twirler (level 5, 0/31 HPs)
             Began as a Gargoyle Gladiator on Nov 1, 2015.
             Slain by Sigmund
             ... wielding a +4 scythe of slicing
              (7 damage)
             ... on level 3 of the Dungeon.
             The game lasted 00:06:14 (2538 turns).

Raultor the Twirler (Gargoyle Gladiator)            Turns: 2538, Time: 00:06:14

Health: 0/31       AC: 10    Str: 18    XL:     5   Next: 35%
Magic:  5/5        EV: 12    Int:  9    God:
Gold:   109        SH:  0    Dex: 11    Spells: 0 memorised, 4 levels left

rFire  . . .     SeeInvis .     a - +0 quarterstaff
rCold  . . .     Clarity  .     q - +0 ring mail
rNeg   + . .     SustAt   .     (shield currently unavailable)
rPois  ∞         Gourm    .     c - +0 helmet
rElec  +         Spirit   .     (no cloak)
rCorr  .         Warding  .     (no gloves)
rMut   .         Stasis   .     (no boots)
MR     .....                    (no amulet)
Stlth  +.........               (no ring)
                                (no ring)

@: not resistant to hostile enchantments, very unstealthy
A: negative energy resistance 1, electricity resistance, unbreathing,
petrification resistance, rot immunity, AC +4
a: no special abilities


You were on level 3 of the Dungeon.
You were not hungry.

You visited 1 branch of the dungeon, and saw 3 of its levels.

You collected 109 gold pieces.

Inventory:

Hand Weapons
 a - a +0 quarterstaff (weapon)
Armour
 b - a +0 leather armour
 c - a +0 helmet (worn)
 q - a +0 ring mail (worn)
Scrolls
 g - 3 scrolls of identify {unknown}
 h - 2 scrolls of remove curse {unknown}
 j - 4 scrolls of teleportation {unknown}
 l - a scroll of blinking {unknown}
 p - 2 scrolls of enchant armour {unknown}
 r - a scroll of magic mapping {unknown}
 v - a scroll of recharging {unknown}
 w - a scroll of fog {unknown}
Potions
 f - a potion of lignification {unknown}
 i - a potion of mutation {unknown}
 k - a potion of ambrosia {unknown}
 m - a potion of degeneration {unknown}
 t - a potion of magic {unknown}
 u - a potion of resistance {unknown}
Comestibles
 e - 2 bread rations
 n - 4 fruits
 o - a royal jelly
 s - a meat ration
 x - 3 chunks of flesh


   Skills:
 - Level 2.4 Fighting
 + Level 4.0 Staves
 - Level 1.9 Throwing
 + Level 1.6 Armour
 + Level 3.8 Dodging


You had 4 spell levels left.
You didn't know any spells.

Dungeon Overview and Level Annotations

Branches:
Dungeon (3/15)

Altars:
Nemelex Xobeh

Annotations:
D:3 Sigmund


Innate Abilities, Weirdness & Mutations

You are resistant to torment.
Your stone body is resilient (AC +4).
You are immune to poison.
You resist negative energy.
You are resistant to electric shocks.
You can survive without breathing.
You are immune to petrification.
You are immune to rotting.


Message History

Sigmund hits you but does no damage.
You feel less confused. Sigmund gestures at you while chanting.
You resist with some effort. Sigmund barely misses you.
Sigmund closely misses you.
There is a stone staircase leading up here.
Sigmund hits you but does no damage.
You barely miss Sigmund.
Sigmund is moderately wounded.
Sigmund casts a spell at you. The magic dart hits you!
You closely miss Sigmund.
Sigmund is moderately wounded.
Sigmund casts a spell at you. The puff of flame hits you!
* * * LOW HITPOINT WARNING * * *
You are too injured to fight recklessly!
Sigmund hits you from afar with a scythe of slicing!
You die...

######.# ......⌠..
.....#.#######g)......
#....#........[†......
......#######g..##..
.......(.(..........
#......#####......
#......# ...... #...@..#
..... #.@....# ########
#.<....# #....#
#########......####....###
#.)<)(.(.................#
#...)..........#########.#
#........#.....#..#......#
#..(.....#.###.#.##.######
#..>.....#.#.#.#....#
#....#.##.##.#.######


You could see Sigmund.

Vanquished Creatures
  An orc priest (D:2)
  3 gnolls (D:2)
  3 adders (D:2)
  An ooze (D:1)
  3 giant geckos
  8 orcs
  3 giant cockroaches
  5 hobgoblins
  A quokka (D:3)
  3 bats
  5 giant newts
  3 goblins
  7 jackals (D:2)
  5 kobolds
  7 rats
58 creatures vanquished.

Vanquished Creatures (others)
  A hobgoblin (D:2)
1 creature vanquished.

Grand Total: 59 creatures vanquished

Notes
Turn   | Place    | Note
--------------------------------------------------------------
     0 | D:1      | Raultor the Gargoyle Gladiator began the quest for the Orb.
     0 | D:1      | Reached XP level 1. HP: 12/12 MP: 1/1
   202 | D:1      | Reached XP level 2. HP: 17/17 MP: 2/2
   685 | D:2      | Found a sparkling altar of Nemelex Xobeh.
   771 | D:2      | Reached XP level 3. HP: 18/21 MP: 3/3
  1211 | D:2      | Reached XP level 4. HP: 20/27 MP: 4/4
  1888 | D:2      | Reached skill level 1 in Armour
  2147 | D:3      | Reached XP level 5. HP: 26/31 MP: 5/5
  2244 | D:3      | Noticed Sigmund
  2493 | D:2      | Reached skill level 4 in Staves
  2538 | D:3      | Slain by Sigmund

Vault maps used:
D:1:      dpeg_arrival_leaves_temple_mockup
D:2:      nemelex_altar_shiori, first_bread
D:3:      hangedman_feature_mirror, st_stairs_7, uniq_sigmund, uniq_grinder,
          uniq_crazy_yiuf_cottage, uniq_robin, uniq_jessica

Action                   |  1- 3 |  4- 6 || total
-------------------------+-------+-------++-------
Melee: Quarterstaff      |   105 |    82 ||   187
Throw: Throwing net      |       |     3 ||     3
 Stab: Held in net/web   |       |     1 ||     1
  Eat: Chunk             |     1 |     3 ||     4
       Beef jerky        |       |     1 ||     1
